 Dungeon Crawl Stone Soup version 0.29.1-12-g30fa7ad0bf (webtiles) character file.

Game seed: 11293758534957880019

270 LustLizard the Chopper (level 6, 0/56 HPs)
             Began as a Minotaur Fighter on Jan 8, 2023.
             Was an Initiate of Cheibriados.
             Slain by Crazy Yiuf
             ... wielding a +2 quarterstaff of chaos
              (17 damage)
             ... on level 3 of the Dungeon.
             The game lasted 00:04:29 (2483 turns).

LustLizard the Chopper (Minotaur Fighter)           Turns: 2483, Time: 00:04:30

Health: 0/56       AC: 11    Str: 23    XL:     6   Next: 1%
Magic:  5/5        EV:  6    Int:  6    God:    Cheibriados [......]
Gold:   2          SH:  4    Dex: 11    Spells: 5/5 levels left

rFire   . . .      SeeInvis .   a - +0 war axe
rCold   + . .      Faith    .   c - +0 buckler
rNeg    . . .      Spirit   .   h - +0 plate armour
rPois   .          Reflect  .   (helmet restricted)
rElec   .          Harm     .   (no cloak)
rCorr   .          Rampage  .   (no gloves)
Will    .....                   (no boots)
Stlth   ..........              (no amulet)
HPRegen 0.18/turn               s - ring of protection from cold
MPRegen 0.09/turn               (no ring)

@: very slow
A: horns 2, retaliatory headbutt
a: Renounce Religion


You were on level 3 of the Dungeon.
You worshipped Cheibriados.
Cheibriados was noncommittal.
You visited 1 branch of the dungeon, and saw 3 of its levels.

You collected 105 gold pieces.
You spent 103 gold pieces at shops.

Inventory:

Hand Weapons
 a - a +0 war axe (weapon)
Missiles
 k - 19 stones (quivered)
 l - 3 boomerangs
Armour
 b - a +0 scale mail
 c - a +0 buckler (worn)
 h - a +0 plate armour (worn)
Jewellery
 s - a ring of protection from cold (left hand)
Scrolls
 f - 4 scrolls of identify
 m - a scroll of enchant weapon {unknown}
 o - a scroll of noise {unknown}
 p - a scroll of enchant armour {unknown}
 q - a scroll of immolation {unknown}
 r - 4 scrolls of teleportation {unknown}
 w - a scroll of summoning {unknown}
 x - a scroll of amnesia {unknown}
Potions
 d - a potion of might
 e - a potion of mutation {unknown}
 g - 6 potions of curing
 i - a potion of lignification {unknown}
 j - 2 potions of haste
 n - 2 potions of heal wounds
 t - 2 potions of brilliance {unknown}
 u - 2 potions of attraction {unknown}
 v - a potion of degeneration {unknown}


   Skills:
 + Level 5.4 Fighting
 * Level 6.4 Axes
 - Level 3.6 Armour
 - Level 3.6 Shields


You had 5 spell levels left.
You didn't know any spells.
Your spell library contained the following spells:

 Spells                   Type           Power      Damage    Failure   Level
 Freeze                   Ice            0%         1d3       100%        1
 Magic Dart               Conj           0%         1d3       100%        1
 Searing Ray              Conj           0%         2d4       100%        2
 Frozen Ramparts          Ice            0%         1d1       100%        3
 Fulminant Prism          Conj/Hex       0%         3d6       100%        4
 Hailstorm                Conj/Ice       0%         3d3       100%        4


Dungeon Overview and Level Annotations

Branches:
Dungeon (3/15)

Altars:
Cheibriados
Wu Jian

Shops:
D:1 [(*   D:3 *

Annotations:
D:3 Crazy Yiuf


Innate Abilities, Weirdness & Mutations

You have a pair of horns on your head.
You reflexively headbutt those who attack you in melee.


Message History

You barely resist. You slash Jessica!
You kill Jessica!
Cheibriados appreciates the change of pace.
You have reached level 6!
Things that are here:
a +0 club; a +0 robe; the human corpse of Jessica
Things that are here:
a +0 dagger; a +0 dagger
Things that are here:
a +0 club; a +0 dagger
Things that are here:
a +0 dagger; a +0 club; a +0 sling
There is a stone staircase leading up here.
There is a stone staircase leading down here.
Found a hammer.
Found a runed translucent door.
Crazy Yiuf shouts!
You open the door. You closely miss Crazy Yiuf. Crazy Yiuf barely misses you.
You slash Crazy Yiuf! Your headbutt misses Crazy Yiuf.
Crazy Yiuf is heavily wounded.
Crazy Yiuf screams, "Shower!
Liver eyeball down."
Crazy Yiuf drinks a potion.
Crazy Yiuf is healed!
You closely miss Crazy Yiuf.
Crazy Yiuf hits you with a +2 quarterstaff of chaos!
Crazy Yiuf freezes you.
Crazy Yiuf hits you with a +2 quarterstaff of chaos!
Crazy Yiuf burns you.
You hit Crazy Yiuf. Your headbutt misses Crazy Yiuf.
Crazy Yiuf is moderately wounded.
Crazy Yiuf sings, "Trees, trees, trees, circus!"
Crazy Yiuf hits you but does no damage.
You closely miss Crazy Yiuf.
Crazy Yiuf is moderately wounded.
Crazy Yiuf hits you with a +2 quarterstaff of chaos.
You slash Crazy Yiuf!
Crazy Yiuf is almost dead.
Crazy Yiuf hits you with a +2 quarterstaff of chaos!
You are electrocuted!
You die...

### ### ♣♣##.## #)..#♣♣
♣♣.#...## #...g@♣♣♣♣.......####
#...#♣..♣......##...# ###
♣♣♣.♣..#.##.#### ♣♣♣♣♣###.##
######## #>##
##......############# #.# ####
#..######...........# #.####...
#.###########.......####.##.....
#.#.......................#.#...


You could see Crazy Yiuf.

Vanquished Creatures
  Jessica (D:3)
  Terence (D:2)
  Natasha (thrice) (D:3)
  Robin (D:3)
  A gnoll (D:1)
  6 adders
  3 worms (D:2)
  A dart slug (D:1)
  4 bats
  4 endoplasms
  4 hobgoblins
  4 kobolds
  A quokka (D:1)
  4 ball pythons
  2 frilled lizards (D:2)
  15 goblins
  7 rats
62 creatures vanquished.

Vanquished Creatures (others)
  2 plants (D:1)
2 creatures vanquished.

Grand Total: 64 creatures vanquished

Notes
Turn   | Place    | Note
-------+----------+-------------------------------------------
     0 | D:1      | LustLizard the Minotaur Fighter began the quest for the
                  | Orb.
     0 | D:1      | Reached XP level 1. HP: 19/19 MP: 0/0
    10 | D:1      | Found Yxkatiz's Antique Weapon Boutique.
    82 | D:1      | Found Roeptof's Antique Armour Emporium.
   156 | D:1      | Reached skill level 3 in Axes
   221 | D:1      | Reached XP level 2. HP: 27/27 MP: 1/1
   293 | D:1      | Found Jewnuriu's Assorted Antiques.
   372 | D:1      | Found a faded altar of an unknown god.
   674 | D:2      | Reached XP level 3. HP: 30/33 MP: 2/2
   681 | D:2      | Reached skill level 4 in Axes
  1002 | D:2      | Reached XP level 4. HP: 41/41 MP: 3/3
  1326 | D:2      | Noticed Terence
  1336 | D:2      | Killed Terence
  1337 | D:2      | Reached skill level 5 in Axes
  1451 | D:1      | Bought a puce potion for 27 gold pieces
  1451 | D:1      | Bought a puce potion for 27 gold pieces
  1451 | D:1      | Bought a scroll labelled QOUREC KOAH for 30 gold pieces
  1518 | D:3      | Found a snail-covered altar of Cheibriados.
  1541 | D:3      | Noticed Robin
  1557 | D:3      | Reached XP level 5. HP: 33/47 MP: 4/4
  1557 | D:3      | Killed Robin
  1668 | D:3      | Became a worshipper of Cheibriados the Contemplative
  1688 | D:3      | Noticed Natasha
  1695 | D:3      | Killed Natasha
  1696 | D:3      | Reached skill level 5 in Fighting
  1780 | D:3      | Found an ornate altar of the Wu Jian Council.
  1888 | D:3      | Noticed Natasha
  1894 | D:3      | Killed Natasha
  1895 | D:3      | Reached skill level 6 in Axes
  2065 | D:3      | Found Domiylor's Assorted Antiques.
  2078 | D:3      | Bought a fizzy brown potion for 19 gold pieces
  2156 | D:3      | Noticed Natasha
  2160 | D:3      | Killed Natasha
  2271 | D:3      | Noticed Jessica
  2286 | D:3      | Killed Jessica
  2287 | D:3      | Reached XP level 6. HP: 48/56 MP: 5/5
  2473 | D:3      | Found a runed translucent door.
  2474 | D:3      | Noticed Crazy Yiuf
  2483 | D:3      | Slain by Crazy Yiuf

Illustrated notes

Levels and vault maps discovered:
D:1:      dpeg_arrival_tiny_e, layout_rooms,
          shapermc_ecumenical_altar_mp_ritualfount, serial_shops,
          nicolae_shop_crystal, shop, shop, minmay_curled_crystal
D:2:      layout_basic, chequers_arboretum, item_on_display_b, uniq_terence
D:3:      layout_loops_ring, mainiacjoe_overflow_surrounded_room,
          mainiacjoe_overflow_alcove_1, serial_co_window_serial,
          co_window_paths_b, co_window_paths_a, co_window_paths_b,
          co_window_paths_b, co_window_of_opportunity_a, co_window_paths_a,
          co_window_paths_a, co_window_cross_1, co_window_paths_b,
          co_window_broadway_a, co_window_broadway_c, co_window_broadway_a,
          co_window_paths_d, serial_shops, shop, minmay_misc_feat_rugged,
          uniq_robin, uniq_natasha, uniq_jessica, uniq_crazy_yiuf_cottage

Skill      XL: |  1  2  3  4  5 |
---------------+----------------+-----
Axes           | 3 4 5 6 |  6.4
Fighting       | 4 5 |  5.4
Armour         | |  3.6
Shields        | |  3.6

Action                   |  1- 3 |  4- 6 || total
-------------------------+-------+-------++-------
Melee: War axe           |    84 |    81 ||   165
       Headbutt          |    14 |     9 ||    23
  Use: Scroll            |       |     3 ||     3
Armor: Plate armour      |    62 |    56 ||   118
       Scale mail        |     2 |       ||     2
Dodge: Dodged            |    28 |    28 ||    56
Block: Buckler           |    20 |    17 ||    37
